 Dungeon Crawl Stone Soup version 0.29-a0-1009-g60c99734e7 (webtiles) character file.

Game seed: 17302757105004978262

9 Sobieck the Digger (level 2, 0/22 HPs)
             Began as a Ghoul Earth Elementalist on Aug 8, 2022.
             Slain by a jackal (2 damage)
             ... on level 1 of the Dungeon.
             The game lasted 00:01:33 (385 turns).

Sobieck the Digger (Ghoul Earth Elementalist)        Turns: 385, Time: 00:01:33

Health: 0/22       AC:  2    Str: 11    XL:     2   Next: 16%
Magic:  1/3        EV: 12    Int: 10    God:
Gold:   16         SH:  0    Dex:  9    Spells: 3/4 levels left

rFire   . . .      SeeInvis .   (no weapon)
rCold   + . .      Faith    .   (no shield)
rNeg    + + +      Spirit   .   a - +0 robe
rPois   ∞          Reflect  .   (no helmet)
rElec   .          Harm     .   (no cloak)
rCorr   .          Rampage  .   (no gloves)
Will    .....                   (no boots)
Stlth   ++........              (no amulet)
HPRegen 0.00/turn               (no ring)
MPRegen 0.08/turn               (no ring)

@: inhibited regen
A: claws 1, cold resistance 1, negative energy resistance 3, inhibited
regeneration, torment resistance 2, devour on kill
a: no special abilities


You were on level 1 of the Dungeon.
You visited 1 branch of the dungeon, and saw 1 of its levels.

You collected 16 gold pieces.


Innate Abilities, Weirdness & Mutations

You are immune to poison.
You have sharp fingernails.
Your flesh is cold resistant. (rC+)
You are immune to negative energy. (rN+++)
You do not regenerate when monsters are visible.
You are immune to unholy pain and torment.
You thrive by killing the living.


   Skills:
 + Level 0.5 Fighting
 - Level 1.7 Dodging
 + Level 2.4 Stealth
 + Level 1.9 Spellcasting
 - Level 0.8 Transmutations
 * Level 3.6 Earth Magic


You had 3 spell levels left.
You knew the following spells:

 Your Spells              Type           Power      Damage    Failure   Level
a - Sandblast             Erth           16%        2d6       7%          1

Your spell library contained the following spells:

 Spells                   Type           Power      Damage    Failure   Level
 Passwall                 Tmut/Erth      4%         N/A       19%         2
 Stone Arrow              Conj/Erth      8%         3d7       41%         3
 Petrify                  Tmut/Erth      5%         N/A       77%         4

Inventory:

Hand Weapons
 c - a +0 whip {mace}
   (You found it on level 1 of the Dungeon)
 e - a +0 dagger {short}
   (You found it on level 1 of the Dungeon)
Missiles
 g - 6 stones {throwing}
Armour
 a - a +0 robe (worn)
Scrolls
 d - a scroll of immolation {unknown}
 f - a scroll of butterflies {unknown}
Potions
 b - a potion of magic
 h - a potion of mutation {unknown}

Dungeon Overview and Level Annotations

Branches:
Dungeon (1/15) Zot: 5601

Altars:

#.#.....# #~~~..~~.+.#
##......# #~.#_.~~.+~#
##.###.#.# #~.~~...~+.## .
#...##.#.####~.#..~.~#..# ..
#..##.#.#...~##~~~~##~.#
...##.........#.~#~~####.~.#
............#...~#8.#.~h...####
###........##..h#~##.##h..>..#
#.#.##.####..@h.~~.##.####.#
##.#.##.# #.####.####h# #
#....##.# #.# #.# #(h.#
#..####.# #.# #.# #$$.# #..#
#.# .# #.. ?.w.. #..####.## ..
##........ #......... .....?..#
###.######## ###....### ....#
.....#


You could see 2 jackals.


Message History

You closely miss the jackal. The jackal barely misses you.
You scratch the jackal. The jackal closely misses you.
You scratch the jackal but do no damage.
The jackal closely misses you. The jackal barely misses you.
The jackal attacks as you move away! The jackal barely misses you.
The hobgoblin completely misses you. The hobgoblin attacks as you move away!
The hobgoblin closely misses you.
You enter the shallow water.
Moving in this stuff is going to be slow.
The jackal misses you. The jackal attacks as you move away!
The jackal bites you. The jackal barely misses you.
Unknown command.
You miss the jackal. The jackal closely misses you.
You closely miss the jackal.
The jackal splashes around in the water.
The jackal bites you.
* * * LOW HITPOINT WARNING * * *
Unknown command.
The jackal bites you but does no damage.
Unknown command.
You enter the shallow water.
Moving in this stuff is going to be slow.
The jackal barely misses you. The jackal attacks as you move away!
The jackal bites you but does no damage.
The jackal attacks as you move away! The jackal misses you.
The jackal barely misses you.
You closely miss the jackal. The jackal closely misses you.
You enter the shallow water.
Moving in this stuff is going to be slow.
The jackal barely misses you.
You scratch the jackal but do no damage.
The jackal bites you.
* * * LOW HITPOINT WARNING * * *
The jackal splashes around in the water.
You closely miss the jackal. The jackal bites you.
* * * LOW HITPOINT WARNING * * *
You closely miss the jackal.
The jackal splashes around in the water.
Casting: Sandblast (safe; 8% risk of failure)
Confirm with . or Enter, or press ? or * to list all spells.
Aiming: Sandblast (safe; 8% risk of failure)
Press: ? - help, Shift-Dir - straight line, f - jackal
Aim: a jackal (lightly wounded, 76% to hit)
The blast of sand hits the jackal.
The jackal closely misses you. x2
The jackal bites you but does no damage.
Casting: Sandblast (safe; 8% risk of failure)
Confirm with . or Enter, or press ? or * to list all spells.
Aiming: Sandblast (safe; 8% risk of failure)
Press: ? - help, Shift-Dir - straight line, f/p - jackal
Aim: a jackal (heavily wounded, 76% to hit)
The blast of sand hits the jackal.
You kill the jackal!
The jackal misses you.
The jackal splashes around in the water.
You have reached level 2!
Unknown command.
You scratch the jackal. The jackal barely misses you. x2
You barely miss the jackal. The jackal barely misses you.
The jackal bites you but does no damage.
The jackal barely misses you.
Unknown command.
You miss the jackal.
The jackal bites you but does no damage.
The jackal misses you.
You barely miss the jackal. The jackal completely misses you.
The jackal bites you.
* * * LOW HITPOINT WARNING * * *
The jackal bites you but does no damage.
The jackal closely misses you.
Unknown command.
You scratch the jackal. The jackal barely misses you. The jackal misses you.
You scratch the jackal.
You kill the jackal!
The jackal completely misses you. The jackal barely misses you.
You closely miss the jackal.
The jackal bites you but does no damage.
The hobgoblin closely misses you.
You scratch the jackal but do no damage.
The jackal bites you.
* * * LOW HITPOINT WARNING * * *
The hobgoblin barely misses you.
Unknown command.
You barely miss the hobgoblin. You claw the hobgoblin.
The jackal barely misses you. The jackal closely misses you.
The hobgoblin hits you.
* * * LOW HITPOINT WARNING * * *
You scratch the hobgoblin.
You kill the hobgoblin!
You feel better. The jackal closely misses you.
You miss the jackal. The jackal misses you.
The jackal splashes around in the water.
The jackal misses you.
You miss the jackal.
The jackal bites you but does no damage.
The jackal bites you.
* * * LOW HITPOINT WARNING * * *
The jackal bites you.
You die...

Action                   || total
-------------------------++-------
Melee: Unarmed           ||    38
       Punch             ||     1
 Cast: Sandblast         ||     2
Armor: Robe              ||    13
Dodge: Dodged            ||    52

Levels and vault maps discovered:
D:1:      tarquinn_simple_flora_water_b, layout_loops_ring, serial_shops,
          nicolae_shop_bloodbath_and_beyond,
          dreamdust_ecumenical_altar_drowned_temple, minmay_vboxes

Notes
Turn   | Place    | Note
-------+----------+-------------------------------------------
     0 | D:1      | Sobieck the Ghoul Earth Elementalist began the quest for
                  | the Orb.
     0 | D:1      | Reached XP level 1. HP: 14/14 MP: 2/2
   306 | D:1      | Found a faded altar of an unknown god.
   374 | D:1      | Reached XP level 2. HP: 7/22 MP: 0/3
   377 | D:1      | HP: 5/22 [jackal (2)]
   382 | D:1      | HP: 1/22 [hobgoblin (3)]
   385 | D:1      | Slain by a jackal

Vanquished Creatures
  3 ball pythons (D:1)
  A hobgoblin (D:1)
  2 jackals (D:1)
  A frilled lizard (D:1)
  A rat (D:1)
  A spectral kobold (D:1)
9 creatures vanquished.

Table legend:
 A = Non-vault XP
 B = Vault XP
 C = Vault XP percentage of total XP
 D = Non-vault monster count
 E = Vault monster count
 F = Vault count percentage of total count
                 A         B        C        D         E       F
            +---------+---------+-------+---------+---------+-------
      Total |      13 |       1 |   7.1 |       8 |       1 |  11.1
            +---------+---------+-------+---------+---------+-------
        D:1 |      13 |       1 |   7.1 |       8 |       1 |  11.1
            +---------+---------+-------+---------+---------+-------

Illustrated notes

Table legend:
 A = Kills in this place as a percentage of kills in entire the game.
 B = Kills by you in this place as a percentage of kills by you in the entire game.
 C = Kills by friends in this place as a percentage of kills by friends in the entire game.
 D = Other kills in this place as a percentage of other kills in the entire game.
 E = Experience gained in this place as a percentage of experience gained in the entire game.
 F = Experience gained in this place divided by the number of levels of this place that you have seen.
                   A       B       C       D       E      F
               +-------+-------+-------+-------+-------+----------------------
         Total | 100.0 | 100.0 |   N/A |   N/A | 100.0 |  14.0
       Dungeon | 100.0 | 100.0 |   N/A |   N/A | 100.0 |  14.0
               +-------+-------+-------+-------+-------+----------------------

Table legend: (Time is in decaauts)
 A = Elapsed time spent in this place.
 B = Non-inter-level travel time spent in this place.
 C = Inter-level travel time spent in this place.
 D = Time resting spent in this place.
 E = Time spent auto-exploring this place.
 F = Levels seen in this place.
 G = Mean time per level.
                   A        B        C        D        E       F      G
               +--------+--------+--------+--------+--------+-----+--------+
         Total |    397 |    397 |      0 |     83 |    214 |   1 |  397.0 |
       Dungeon |    397 |    397 |      0 |     83 |    214 |   1 |  397.0 |
               +--------+--------+--------+--------+--------+-----+--------+

Top non-repeatable levels by time:
     D:1: 397 daAuts
